 Dungeon Crawl Stone Soup version 0.21.1-1-g345015f (webtiles) character file.

240 Kurtz the Insei (level 5, -2/41 HPs)
             Began as a Mummy Monk on Mar 24, 2018.
             Killed by divine providence
             ... invoked by an orc priest
              (11 damage)
             ... on level 3 of the Dungeon.
             The game lasted 00:03:51 (6387 turns).

Kurtz the Insei (Mummy Monk)                        Turns: 6387, Time: 00:03:52

Health: -2/41      AC:  2    Str: 14    XL:     5   Next: 79%
Magic:  5/5        EV: 13    Int: 10    God:
Gold:   150        SH:  0    Dex: 15    Spells: 4/4 levels left

rFire    x . .     SeeInvis .     - Unarmed
rCold    + . .     Gourm    .   (no shield)
rNeg     + + +     Faith    .   (no armour)
rPois    ∞         Spirit   .   (no helmet)
rElec    .         Reflect  .   (no cloak)
rCorr    .         Harm     .   d - +0 pair of gloves
MR       .....                  a - +0 pair of boots
Stlth    ++........             (no amulet)
HPRegen  0.13/turn              (no ring)
MPRegen  0.09/turn              (no ring)

@: no status effects
A: no food or potions, fire vulnerability, cold resistance 1, negative energy
resistance 3, torment resistance, unbreathing
a: no special abilities


You were on level 3 of the Dungeon.
You were not hungry.

You visited 1 branch of the dungeon, and saw 3 of its levels.

You collected 150 gold pieces.

Inventory:

Missiles
 c - 24 bolts
Armour
 a - a +0 pair of boots (worn)
 d - a +0 pair of gloves (worn)
Scrolls
 e - 2 scrolls of identify
 f - a scroll of amnesia
Comestibles
 h - 2 rations


   Skills:
 - Level 3.0 Fighting
 - Level 2.4 Dodging
 - Level 1.5 Stealth
 * Level 5.5 Unarmed Combat


You had 4 spell levels left.
You didn't know any spells.

Dungeon Overview and Level Annotations

Branches:
Dungeon (3/15)

Altars:

Annotations:
D:2 1 runed door


Innate Abilities, Weirdness & Mutations

You do not eat or drink.
Your flesh is vulnerable to fire.
You are immune to poison.
Your flesh is cold resistant. (rC+)
You are immune to negative energy. (rN+++)
You are immune to unholy pain and torment.
You can survive without breathing.


Message History

You hit the orc priest but do no damage.
The orc priest is moderately wounded.
The orc priest hits you with a mace!
* * * LOW HITPOINT WARNING * * *
You are too injured to fight recklessly!
You barely miss the orc priest.
The orc priest is moderately wounded.
You are too injured to fight recklessly!
You hit the orc priest.
The orc priest is heavily wounded.
The orc priest closely misses you.
You are too injured to fight recklessly!
You hit the orc priest but do no damage.
The orc priest is heavily wounded.
The orc priest closely misses you.
You closely miss the orc priest.
The orc priest is heavily wounded.
The orc priest mumbles some strange prayers to Beogh against you.
Beogh smites you!
You die...

## .### ###...
# #.))####.# .#
#..[.....# .#
...#######
#.### ....#
....# .##o#
########o.#.#
.##.#
#.....†@....#
.##o#
#.########.....
.##.# #.# ###
.##.# #.# .##.#
#.########.
.##.#
#..........
.##.#
#..#######.
.##.######..#
.##......((.#
#.#


You could see an orc priest.

Vanquished Creatures
  A scorpion (D:3)
  An orc priest (D:2)
  Jessica (D:2)
  7 adders
  2 worms (D:2)
  7 leopard geckos
  7 orcs
  2 giant cockroaches
  5 goblins
  4 hobgoblins (D:1)
  A quokka (D:2)
  12 bats
  2 frilled lizards
  2 kobolds
  8 rats
62 creatures vanquished.

Notes
Turn   | Place    | Note
-------+----------+-------------------------------------------
     0 | D:1      | Kurtz the Mummy Monk began the quest for the Orb.
     0 | D:1      | Reached XP level 1. HP: 18/18 MP: 1/1
  1235 | D:1      | Reached XP level 2. HP: 22/24 MP: 2/2
  1250 | D:1      | Reached skill level 3 in Unarmed Combat
  1886 | D:2      | Noticed a crimson imp
  1992 | D:1      | Reached XP level 3. HP: 22/29 MP: 3/3
  3746 | D:2      | Reached skill level 4 in Unarmed Combat
  3828 | D:2      | Reached XP level 4. HP: 35/35 MP: 4/4
  4036 | D:2      | Noticed Jessica
  4049 | D:2      | Killed Jessica
  4114 | D:2      | Found a runed door.
  4754 | D:3      | Reached XP level 5. HP: 34/41 MP: 5/5
  5903 | D:2      | Reached skill level 5 in Unarmed Combat
  6387 | D:3      | Killed from afar by an orc priest

Skill      XL: |  1  2  3  4  5 |
---------------+----------------+-----
Unarmed Combat | 3 4 5 |  5.5
Fighting       | |  3.0
Dodging        | |  2.4
Stealth        | |  1.5

Action                   |  1- 3 |  4- 6 || total
-------------------------+-------+-------++-------
Melee: Unarmed           |   179 |   147 ||   326
       Punch             |     1 |     3 ||     4
  Use: Scroll            |       |     3 ||     3
 Stab: Sleeping          |     8 |     2 ||    10
Armor: Skin              |    40 |    14 ||    54
Dodge: Dodged            |   145 |    82 ||   227
